Map: Thunderbird LE

Players

yjzhou - Winner!

  • Race: Terran Terran
  • League: Platinum
  • Spawn Location: 5:00

Mark

  • Race: Protoss Protoss
  • League: Diamond
  • Spawn Location: 11:00

VOD

Have the link to the VOD?

Description

Time

  • Played on: July 5, 2019, 1:45 p.m.
  • Length: 13:51
Show
View Real Time Build Order
Export as new Build Order

yjzhou Terran - Winner!

Build Orders:  

Get SALT Encoding   

  12  0:00  SCV  
  13  0:13  SCV  
  14  0:17  Supply Depot  
  14  0:25  SCV  
  15  0:39  SCV  
  15  0:40  Barracks  
  16  0:44  Refinery  
  16  0:51  SCV  
  17  1:03  SCV  
  18  1:15  SCV  
  19  1:42  SCV  
  19  1:43  Marine  
  21  1:49  Command Center  
  20  1:59  SCV  
  21  2:10  Barracks Reactor  
  22  2:15  SCV  
  21  2:27  SCV  
  22  2:39  SCV  
  23  2:49  Refinery  
  23  2:58  Supply Depot  
  23  3:01  Marine x2  
  23  3:03  Bunker  
  25  3:10  Orbital Command  
  25  3:19  Factory  
  25  3:32  Marine  
  25  3:33  Marine  
  27  3:37  SCV  
  26  3:49  SCV  
  26  3:50  Marine  
  28  3:59  Marine  
  28  4:01  SCV  
  30  4:07  Engineering Bay  
  30  4:08  Starport  
  30  4:13  SCV x2  
  30  4:16  Factory Tech Lab  
  32  4:24  Marine x2  
  31  4:39  Siege Tank  
  31  4:41  SCV x2  
  36  4:48  Terran Infantry Weapons Level 1  
  36  4:49  Barracks  
  36  4:51  Barracks  
  35  4:54  Marine x2  
  35  4:56  SCV  
  38  5:20  Supply Depot  
  38  5:23  Supply Depot  
  38  5:31  Supply Depot  
  38  5:36  Orbital Command  
  38  5:41  SCV, Medivac  
  41  5:46  Marine x4  
  45  5:53  SCV  
  46  6:02  SCV  
  47  6:04  Marine x4  
  47  6:06  SCV  
  47  6:08  Siege Tank  
  55  6:14  SCV  
  55  6:18  SCV  
  57  6:22  Marine x4  
  61  6:37  Supply Depot  
  61  6:40  Supply Depot, Marine  
  61  6:42  Liberator  
  62  6:47  Command Center  
  62  6:53  Marine  
  62  6:59  SCV x2, Marine x3  
  70  7:01  Refinery  
  70  7:04  Refinery  
  69  7:11  SCV, Marine  
  70  7:16  Marine  
  70  7:17  Marine x2  
  69  7:29  Marine  
  68  7:34  Marine x2  
  68  7:35  SCV x2, Marine  
  70  7:46  Marine  
  70  7:47  SCV, Starport Tech Lab  
  72  7:52  Marine x2  
  75  8:01  Terran Infantry Armor Level 1  
  75  8:04  Siege Tank  
  79  8:07  Barracks Tech Lab  
  79  8:08  Barracks Tech Lab  
  79  8:09  SCV  
  79  8:10  SCV, Marine x2  
  82  8:14  Banshee  
  82  8:15  Cloaking Field  
  82  8:17  Barracks  
  82  8:18  Barracks x2  
  82  8:19  Orbital Command  
  84  8:21  Barracks  
  84  8:22  SCV x2  
  86  8:28  Marine x2  
  86  8:34  SCV x2  
  87  8:39  Marine x2  
  89  8:45  Marine  
  89  8:46  Marine  
  83  8:57  Marine x2  
  77  9:03  Marine x2  
  77  9:09  Siege Tank  
  81  9:10  SCV x2  
  81  9:11  Banshee  
  81  9:13  Barracks Reactor x2  
  81  9:14  Marine, Barracks Reactor x2  
  81  9:15  Marine  
  88  9:17  SCV  
  88  9:21  Marine x2  
  88  9:22  SCV x2  
  93  9:24  Stimpack  
  93  9:36  Supply Depot  
  93  9:51  Armory  
  93  9:53  Armory  
  93  9:57  Marine x7  
  93  9:58  SCV  
  101  10:00  Supply Depot  
  101  10:22  SCV x2, Marine x6  
  101  10:23  Command Center  
  109  10:29  SCV, Marine x3  
  109  10:43  Marine  
  109  10:49  Marine  
  109  10:50  SCV x2  
  109  10:55  Marine  
  109  11:14  Marine  
  109  11:15  Marine  
  109  11:19  Marine  
  109  11:24  SCV  
  109  11:28  SCV  
  109  11:29  Marine  
  109  11:31  SCV, Marine  
  109  11:34  Marine x7, Banshee  
  109  11:35  Combat Shield, Marauder x2  
  109  11:36  SCV, Concussive Shells  
  109  11:37  Marine  
  123  11:40  SCV  
  123  11:43  SCV  
  122  11:47  Marine  
  122  11:49  SCV  
  124  12:06  Marine  
  124  12:09  SCV  
  124  12:10  Marine x2  
  124  12:11  Marine  
  124  12:16  SCV, Marine x2  
  124  12:17  SCV  
  124  12:31  SCV, Marauder  
  124  12:38  Engineering Bay  
  124  12:43  Refinery  
  124  12:45  Refinery  
  124  12:50  Supply Depot  
  124  12:54  Supply Depot  
  124  12:55  Supply Depot  
  124  13:05  Starport  
  124  13:06  Planetary Fortress  
  124  13:10  Starport  
  124  13:11  SCV, Marine x5, Medivac  
  132  13:16  SCV x2, Marine x5, Marauder  
  132  13:17  Supply Depot, Marauder  
  132  13:18  Supply Depot x2  
  143  13:28  SCV  
  143  13:29  SCV, Marine x3  
Show
View Real Time Build Order
Export as new Build Order

Mark Protoss 

Build Orders: Cannon Rush 

Get SALT Encoding   

  12  0:01  Probe  
  13  0:13  Probe  
  14  0:22  Pylon  
  14  0:25  Probe  
  15  0:38  Probe  
  15  0:41  Forge  
  16  0:48  Probe  
  17  0:57  Pylon  
  17  0:58  Probe  
  19  1:19  Photon Cannon  
  19  1:23  Photon Cannon  
  18  1:31  Pylon  
  18  1:36  Pylon  
  18  1:52  Photon Cannon  
  18  1:55  Photon Cannon  
  17  2:14  Photon Cannon  
  15  2:16  Probe, Photon Cannon  
  15  2:24  Probe  
  16  2:51  Photon Cannon  
  16  2:52  Photon Cannon  
  16  2:55  Photon Cannon  
  16  2:58  Probe  
  17  3:02  Pylon  
  17  3:28  Pylon  
  17  3:29  Probe  
  17  3:37  Probe  
  18  3:52  Pylon  
  18  3:55  Probe  
  18  4:07  Probe  
  19  4:14  Gateway  
  19  4:17  Nexus  
  19  4:18  Photon Cannon  
  19  4:21  Assimilator  
  19  4:22  Probe  
  20  4:24  Assimilator  
  19  4:39  Probe  
  20  4:54  Probe  
  20  5:00  Photon Cannon  
  20  5:03  Cybernetics Core, Probe  
  21  5:07  Assimilator  
  21  5:09  Assimilator  
  21  5:11  Probe  
  21  5:19  Pylon  
  22  5:21  Probe  
  23  5:30  Photon Cannon  
  23  5:32  Warp Gate  
  23  5:33  Probe  
  23  5:34  Probe, Pylon  
  25  5:45  Sentry  
  27  5:50  Probe x2  
  29  6:04  Robotics Facility  
  29  6:08  Gateway, Probe  
  30  6:16  Stalker  
  32  6:24  Probe  
  32  6:25  Probe  
  34  6:31  Gateway  
  34  6:43  Immortal  
  34  6:46  Probe, Stalker  
  38  6:47  Probe  
  42  7:01  Stalker  
  34  7:35  Probe  
  34  7:36  Probe  
  35  7:39  Stalker x2  
  35  7:43  Probe  
  39  7:48  Probe  
  41  7:51  Probe  
  41  7:54  Stalker  
  44  8:00  Probe x2  
  46  8:08  Probe  
  46  8:11  Immortal  
  52  8:12  Probe  
  52  8:17  Probe  
  52  8:24  Probe  
  54  8:29  Probe  
  54  8:32  Pylon  
  55  8:35  Stalker  
  55  8:37  Sentry, Probe, Pylon  
  58  8:50  Sentry  
  50  9:04  Stalker  
  50  9:05  Sentry  
  54  9:10  Probe x2  
  56  9:19  Pylon  
  56  9:21  Pylon  
  56  9:22  Probe x2, Stalker  
  60  9:26  Photon Cannon  
  60  9:30  Gateway  
  60  9:32  Pylon  
  60  9:34  Probe  
  60  9:37  Probe  
  62  9:45  Sentry x2  
  66  9:46  Probe  
  66  9:50  Pylon  
  66  10:07  Robotics Bay  
  66  10:09  Stalker  
  66  10:10  Stalker x2  
  72  10:15  Observer  
  72  10:17  Probe  
  74  10:23  Pylon  
  73  10:33  Zealot x2  
  73  10:34  Zealot x2  
  57  10:53  Colossus  
  47  11:00  Stalker x3  
  47  11:01  Stalker  
  32  11:36  Stalker x3  
  26  12:00  Observer  
  25  12:16  Probe  
  25  12:17  Probe  
  27  12:24  Probe  
  27  12:28  Probe  
  28  12:32  Probe  
  28  12:36  Probe  
  28  12:57  Probe  
  28  12:58  Probe  
  28  13:00  Cybernetics Core  
  28  13:05  Probe  
  30  13:06  Probe  
  32  13:14  Probe  
  32  13:15  Probe, Zealot  
  32  13:16  Zealot  
  38  13:27  Probe  
Tags
 
Add a new tag
Caveats
  • Supply blocks, unpowered buildings, or Contaminate may cause inaccurate times.
  • Supply counts are checked every 10 seconds.